 Dungeon Crawl Stone Soup version 0.19-a0-1216-g363869b (webtiles) character file.

598206 4thArraOfDagon the Wrestler (level 24, -4/306 HPs)
             Began as a Troll Fighter on Aug 22, 2016.
             Was the Champion of Cheibriados.
             Slain by a reaper
             ... wielding a +0 scythe of slicing
              (13 damage)
             ... on level 7 of the Iron City of Dis on Aug 23, 2016.
             The game lasted 01:50:53 (16821 turns).

4thArraOfDagon the Wrestler (Troll Fighter)        Turns: 16821, Time: 01:50:53

Health: -4/306     AC: 30    Str: 46    XL:     24   Next: 55%
Magic:  8/34       EV: 24    Int: 30    God:    Cheibriados [******]
Gold:   2122       SH: 18    Dex: 30    Spells: 6 memorised, 13 levels left

rFire  + . .     SeeInvis .       - Unarmed
rCold  + + +     Gourm    +     (armour currently unavailable)
rNeg   + + +     Faith    .     L - +2 shield of Resistance {rF+ rC+ MR+}
rPois  ∞         Spirit   .     (helmet restricted)
rElec  +         Dismiss  .     X - +2 cloak {rPois}
rCorr  .         Reflect  .     (gloves unavailable)
MR     +++..     Harm     +     (boots unavailable)
Stlth  ++........               J - amulet of Elaod {Harm *Drain Dex+4}
                                r - ring of Balousiy {*Contam rC+ rN+ MR+}
                                s - ring of Ymaudyeb {rC++ rN+ Int+3}

@: about to teleport, statue-form, regenerating, very slow
A: unfitting armour, antennae 1, claws 3, agile 1, fast metabolism 3, gourmand,
mutation resistance 1, regeneration 1, (shaggy fur 0), (tough skin 0)
a: End Transformation, Bend Time, Temporal Distortion, Slouch, Step From Time,
Renounce Religion
}: 6/15 runes: decaying, slimy, silver, golden, iron, gossamer


You were on level 7 of the Iron City of Dis.
You worshipped Cheibriados.
Cheibriados was exalted by your worship.
You were not hungry.
You were a stone statue.
You visited 12 branches of the dungeon, and saw 55 of its levels.
You also visited: Labyrinth, Ice Cave and Volcano.

You collected 2122 gold pieces.

Inventory:

Missiles
 j - 2 throwing nets
 k - 12 large rocks (quivered)
Armour
 n - the +0 robe of Paaf (melded) {Int+3}
   (You found it on level 2 of the Crypt)

   It affects your intelligence (+3).
 L - the +2 shield of Resistance (worn) {rF+ rC+ MR+}
   (You found it on level 5 of the Pits of Slime)

   It protects you from fire.
   It protects you from cold.
   It affects your resistance to hostile enchantments.
 X - a +2 cloak of poison resistance (worn)
Magical Staves
 l - an uncursed staff of wizardry {!a}
 E - an uncursed staff of earth
Rods
 v - a +2 rod of inaccuracy (10/10)
   (You found it on level 9 of the Dungeon)
 O - a +2 rod of clouds (12/12)
   (You found it in a labyrinth)
Jewellery
 c - an uncursed ring of fire
 m - the ring "Cioxoucs" {rC+ Stlth+}
   (You found it on level 5 of the Pits of Slime)

   [ring of stealth]

   It protects you from cold.
   It makes you more stealthy.
 r - the ring of Balousiy (right claw) {*Contam rC+ rN+ MR+}
   (You found it on level 3 of the Tomb of the Ancients)

   [ring of protection from cold]

   It protects you from cold.
   It protects you from negative energy.
   It affects your resistance to hostile enchantments.
   It causes magical contamination when unequipped.
 s - the ring of Ymaudyeb (left claw) {rC++ rN+ Int+3}
   (You acquired it on level 13 of the Dungeon)

   [ring of positive energy]

   It affects your intelligence (+3).
   It greatly protects you from cold.
   It protects you from negative energy.
 G - the ring of Ledexar {rCorr +Fly rElec rF- Stlth+}
   (You found it on level 6 of the Lair of Beasts)

   [ring of resist corrosion]

   It makes you vulnerable to fire.
   It insulates you from electricity.
   It lets you fly.
   It makes you more stealthy.
 J - the amulet of Elaod (around neck) {Harm *Drain Dex+4}
   (You found it in a labyrinth)

   [amulet of harm]

   It increases damage dealt and taken.
   It affects your dexterity (+4).
   It causes draining when unequipped.
 K - an uncursed ring of see invisible
 P - an uncursed ring of ice
 Z - a cursed +5 ring of intelligence
Wands
 h - a wand of teleportation (4/9)
 I - a wand of disintegration (1/24)
 M - a wand of digging (3/24)
 W - a wand of acid (3/15)
Scrolls
 a - 4 scrolls of fog
 b - 6 scrolls of identify
 f - 8 scrolls of remove curse
 o - a scroll of blinking
 y - a scroll of summoning
 D - 4 scrolls of recharging
 F - a scroll of fear
 Q - 3 scrolls of magic mapping
Potions
 e - 4 potions of curing
 q - 5 potions of brilliance
 t - 9 potions of cure mutation
 u - 2 potions of berserk rage
 x - a potion of heal wounds
 z - a potion of might
 R - 2 potions of flight
 U - 3 potions of agility
 V - 5 potions of resistance
 Y - 2 potions of cancellation
Miscellaneous
 g - a fan of gales
 i - a figurine of a ziggurat
 A - 3 boxes of beasts
 H - a lamp of fire
 N - 4 phantom mirrors
Comestibles
 d - 17 bread rations
 p - 11 meat rations


   Skills:
 - Level 13.0 Fighting
 - Level 13.0 Dodging
 - Level 10.2 Shields
 - Level 21.3 Unarmed Combat
 + Level 8.8 Spellcasting
 - Level 3.4 Charms
 - Level 4.6 Necromancy
 * Level 11.5 Translocations
 - Level 9.7 Transmutations
 - Level 11.2 Earth Magic
 - Level 14.2 Invocations


You had 13 spell levels left.
You knew the following spells:

 Your Spells              Type           Power        Failure   Level  Hunger
a - Statue Form           Tmut/Erth      ######...    10%         6    #####..
b - Repel Missiles        Chrm/Air       ###...       3%          2    None
c - Deflect Missiles      Chrm/Air       ###.......   100%        6    #####..
d - Controlled Blink      Tloc           N/A          99%         8    #######
e - Regeneration          Chrm/Necr      #####.....   2%          3    None
f - Blink                 Tloc           N/A          1%          2    None


Dungeon Overview and Level Annotations

Branches:
Dungeon (15/15)            Temple (1/1) D:6            Lair (6/6) D:11
  Swamp (4/4) Lair:2       Spider (4/4) Lair:2        Slime (5/5) Lair:5
 Vaults (5/5) D:13          Crypt (3/3) Vaults:3       Tomb (3/3) Crypt:3
 Depths (1/5) D:15           Hell (1/1)                 Dis (7/7) Hell
    Orc: D:9-12         Geh: Hell:1         Coc: Hell:1         Tar: Hell:1

Altars:
Cheibriados
Dithmenos
Qazlal
Trog
Uskayaw
Xom
Yredelemnul
The Shining One
Beogh
Jiyva

Shops:
D:4 :

Portals:
Hell: Depths:1

Annotations:
D:13 Rupert
Swamp:1 IDETN
Swamp:3 Kirke
Swamp:4 Lernaean hydra


Innate Abilities, Weirdness & Mutations

You are too large for most types of armour.
You have claws for hands.
Your metabolism is lightning-fast.
You like to eat raw meat.
Your natural rate of healing is unusually fast.
((You are covered in fur. (AC +1)))
((You have very tough skin. (AC +2)))
You have a pair of small antennae on your head.
You are agile. (Dex +2)
You are somewhat resistant to further mutation.


Message History

The shadow dragon zombie bites you but does no damage.
You block the shadow dragon zombie's attack.
The shadow dragon zombie barely misses you.
The reaper completely misses you.
The shadow dragon zombie bites you but does no damage.
The shadow dragon zombie completely misses you.
The shadow dragon zombie barely misses you. "Trespassers are not welcome here!"
You are caught in an explosion of flying shrapnel!
The explosion engulfs you!
The explosion engulfs the shadow dragon zombie.
A stone giant, a tormentor, an iron giant and a zombie come into view.
Evoke which item? (* to show all) (? for menu, Esc to quit)
Zapping:
h - a wand of teleportation (5/9)
Press: ? - help, Shift-Dir - straight line, f - you You feel strangely unstable.
This wand has 4 charges left.
You hear a bark! x2; You hear a shout! x3; You hear a bark!
You hear a screech!
The reaper hits you from afar with a scythe of slicing!!!
* * * LOW HITPOINT WARNING * * *
You die...

........#.. ...
.......#. ... ....
#....... ...
....##...... ....
..........# .....
#........##.....
h##..2.Z.C..C.....
........Z2........
.....#8#{......#
... ####.....## .
##.....'p .....#.
.....# .' ..
....## .# ..
....{# .##'#
...... ....# .


You could see an iron giant, a stone giant, a reaper, a tormentor, a hell hound,
a shadow dragon zombie and an ettin zombie.

Vanquished Creatures
  Dissolution (Slime:4)
  Khufu (Tomb:3)
  Dispater (Dis:7)
  2 ancient liches
  11 greater mummies
  Frederick (Vaults:5)
  The ghost of Gruud the Black Belt, a veteran DsAs of Uskayaw (Slime:5)
  Geryon (Hell)
  Xtahua (Vaults:5)
  3 golden dragons (Vaults:5)
  4 iron giants (Dis:7)
  A profane servitor (Crypt:3)
  A bone dragon (Crypt:3)
  Jorgrun (Vaults:2)
  2 Brimstone Fiends
  2 Ice Fiends (Dis:7)
  The ghost of 4thArraOfDagon the Wrestler, an adept TrFi of Okawaru (Swamp:4)
  2 liches (Vaults:5)
  3 tentacled monstrosities (Vaults:5)
  4 Hell Sentinels (Dis:7)
  A quicksilver dragon (Dis:7)
  Murray (Hell)
  3 titans (Vaults:5)
  4 ancient champions
  13 acid blobs
  3 Executioners
  A thorn hunter (Swamp:1)
  2 large abominations (Vaults:5)
  5 tengu reavers (Vaults:5)
  7 sphinxes
  2 revenants
  3 shadow dragons (Vaults:5)
  5 storm dragons (Vaults:5)
  4 fire giants
  5 azure jellies
  2 frost giants (Vaults:5)
  4 balrugs
  4 ghost moths (Spider:4)
  4 cacodemons (Dis:7)
  Aizul (Swamp:4)
  3 deep elf sorcerers (Vaults:5)
  7 vault wardens
  3 iron dragons
  A deep elf elementalist (Vaults:5)
  3 emperor scorpions
  Louise (D:14)
  A caustic shrike zombie (Crypt:2)
  9 ghouls
  2 very ugly things
  4 war gargoyles (Dis:7)
  20 reapers
  9 ironheart preservers
  2 entropy weavers
  2 bennus
  6 vampire knights
  9 stone giants
  2 deep elf demonologists (Vaults:5)
  3 lorocyprocas
  2 deep elf annihilators
  2 spark wasps (Spider:4)
  3 deep elf death magi (Vaults:5)
  8 ettins
  A death ooze (Slime:4)
  A minotaur (Lab)
  Josephine (Lair:4)
  2 jiangshi (Crypt:2)
  5 eidola (Crypt:3)
  3 deep elf high priests (Vaults:5)
  8 yaktaur captains
  25 vault guards
  20 mummy priests
  A great orb of eyes (Slime:2)
  A rakshasa (Vaults:1)
  14 hydras
  An ice dragon (D:14)
  2 catoblepae
  7 death knights
  6 centaur warriors
  6 alligators
  5 dancing weapons
  17 death yaks
  A vampire mage (Crypt:2)
  38 death scarabs
  A deep troll shaman (Lair:6)
  6 ogre magi
  A tengu warrior (D:14)
  The ghost of Coyotero the Ducker, a novice DsGl of Uskayaw (D:9)
  2 deep elf knights (Vaults:4)
  2 soul eaters
  3 titan zombies
  A storm dragon zombie (Crypt:3)
  2 shadow wraiths
  6 sun demons (Hell)
  A golden dragon zombie (Dis:5)
  34 skeletal warriors
  A small abomination (Vaults:5)
  13 hell knights
  An unseen horror (shapeshifter) (Vaults:5)
  8 flayed ghosts
  2 unseen horrors (D:14)
  A spriggan druid (Swamp:3)
  9 anubis guards
  2 deep elf archers
  2 anaconda zombies
  A ghost moth zombie (Dis:5)
  An entropy weaver zombie (Crypt:2)
  9 hill giants
  2 lindwurms
  15 phantasmal warriors
  7 orc knights
  4 harpies
  A harpy (shapeshifter) (D:14)
  2 ironbrand convokers
  11 deep elf magi
  8 swamp dragons
  8 orb spiders
  A necromancer (D:15)
  A wolf spider zombie (D:15)
  2 iron dragon zombies
  14 wolf spiders
  5 hornets
  5 griffons
  3 orc sorcerers
  6 cyclopes
  2 fire giant zombies
  2 stone giant zombies
  13 ugly things
  A manticore (D:14)
  A shining eye (Slime:5)
  A moth of wrath (Spider:4)
  A black mamba (shapeshifter) (Vaults:5)
  4 elephants (Lair:6)
  A guardian serpent (shapeshifter) (Vaults:4)
  3 eyes of devastation
  8 vault sentinels
  11 rust devils
  2 naga magi (D:15)
  2 torpor snails
  A dire elephant zombie (Crypt:3)
  A centaur zombie (D:15)
  A shock serpent zombie (Crypt:3)
  6 gargoyles
  2 black mambas
  4 molten gargoyles (Volcano)
  A centaur skeleton (D:15)
  12 spiny frogs
  A catoblepas zombie (Dis:4)
  6 komodo dragons
  2 kobold demonologists (D:13)
  8 tormentors
  2 efreet
  3 hellions
  A dire elephant skeleton (Dis:3)
  4 rime drakes
  4 demonic crawlers
  2 emperor scorpion zombies
  10 freezing wraiths
  3 ice devils
  2 harpy zombies
  6 red devils
  5 yaktaurs
  30 guardian mummies
  A wolf spider simulacrum (D:15)
  19 jumping spiders
  A merfolk (shapeshifter) (Vaults:5)
  3 giant leeches
  3 trolls
  3 hydra zombies
  A polar bear (Lair:6)
  5 two-headed ogres
  4 ice dragon zombies
  13 bog bodies
  21 blink frogs
  A hydra skeleton (Dis:7)
  2 boulder beetles
  31 slime creatures
  2 ettin zombies
  A fire dragon zombie (Dis:5)
  18 ushabtiu
  16 flying skulls
  An alligator skeleton (Dis:7)
  5 shadows
  A tarantella (shapeshifter) (Vaults:5)
  A redback (shapeshifter) (Vaults:5)
  2 spriggans (Swamp:3)
  The ghost of HaroldButt the Firebug, an amateur DEFE of Vehumet (D:5)
  13 wraiths
  48 redbacks
  3 wyverns
  2 hogs (Swamp:3)
  15 tarantellas
  A centaur simulacrum (D:15)
  An ettin skeleton (Dis:5)
  7 basilisks
  52 yaks
  2 fire bats (Lair:5)
  3 humans
  2 fire elementals (D:15)
  2 golden eyes (Slime:5)
  12 hippogriffs
  16 vampire mosquitoes
  2 hungry ghosts
  A basilisk (shapeshifter) (Vaults:5)
  26 swamp worms
  3 mottled dragons
  19 hell hounds
  A monstrous demonspawn zombie (Crypt:2)
  5 porcupines
  7 water moccasins
  6 swamp drakes (Swamp:4)
  3 ice beasts
  20 orc warriors
  2 sky beasts
  6 eyes of draining
  7 wasps
  An eye of draining (shapeshifter) (Vaults:5)
  25 ogres
  2 swamp dragon zombies
  6 phantoms
  A snapping turtle zombie (Crypt:3)
  13 necrophages
  17 wolves
  8 centaurs
  9 crocodiles
  3 big kobolds
  14 giant frogs
  5 wyvern skeletons (Crypt:3)
  A scorpion (D:7)
  A human simulacrum (Vaults:3)
  6 wights
  4 howler monkeys
  3 electric eels
  8 crimson imps
  A quasit (D:7)
  2 giant frog skeletons
  7 hounds
  5 jellies
  14 orc priests
  2 giant frog zombies
  9 iron imps
  Jessica (D:2)
  Terence (D:2)
  7 iguanas
  7 worker ants
  8 orc wizards
  A boulder beetle simulacrum (Vaults:1)
  21 sheep
  3 hound zombies
  A hound skeleton (D:5)
  21 mummies
  2 worker ant zombies (D:5)
  4 gnolls (D:9)
  A howler monkey skeleton (D:5)
  9 adders
  51 river rats
  3 shadow imps
  6 oozes
  2 adder zombies
  10 worms
  2 giant geckos (D:5)
  71 orcs
  A goblin (D:3)
  A hobgoblin (D:3)
  6 jackals
  5 quokkas
  A ball python (D:4)
  2 bats
  2 giant newts
  9 kobolds
  A rat (D:1)
  A crawling corpse (Vaults:5)
  A plant (Lair:6)
1631 creatures vanquished.

Vanquished Creatures (collateral kills)
  the Royal Jelly (Slime:5)
  2 death oozes (Slime:5)
3 creatures vanquished.

Vanquished Creatures (others)
  2 eldritch tentacles
  2 war gargoyles (Dis:7)
  A deep elf annihilator (Vaults:5)
  A quicksilver dragon zombie (Tomb:2)
  17 death scarabs
  A harpy skeleton (Tomb:2)
  A bog body (Swamp:4)
  12 flying skulls (Tomb:3)
  A vampire mosquito (D:14)
  An orc priest (Vaults:4)
  2 mummies
  An orc (Vaults:1)
  2 briar patches (Swamp:1)
  6 fungi
  6 plants
  16 withered plants (Crypt:3)
72 creatures vanquished.

Grand Total: 1706 creatures vanquished

Notes
Turn   | Place    | Note
-------+----------+-------------------------------------------
     0 | D:1      | 4thArraOfDagon the Troll Fighter began the quest for the Orb.
     0 | D:1      | Reached XP level 1. HP: 22/22 MP: 0/0
    59 | D:2      | Noticed Terence
    63 | D:2      | Killed Terence
    63 | D:2      | Reached skill level 3 in Unarmed Combat
    63 | D:2      | Reached XP level 2. HP: 29/29 MP: 1/1
    69 | D:2      | Reached XP level 3. HP: 35/36 MP: 2/2
   106 | D:2      | Noticed Jessica
   115 | D:2      | Killed Jessica
   161 | D:3      | Reached XP level 4. HP: 36/44 MP: 3/3
   193 | D:4      | Found Qeufye's Book Shop.
   236 | D:5      | Entered Level 5 of the Dungeon
   266 | D:5      | Reached skill level 4 in Unarmed Combat
   302 | D:5      | Reached XP level 5. HP: 49/50 MP: 4/4
   376 | D:5      | Reached skill level 5 in Unarmed Combat
   383 | D:5      | Noticed a centaur
   383 | D:5      | Found a shadowy altar of Dithmenos.
   391 | D:5      | Noticed a water moccasin
   393 | D:5      | Killed a centaur
   393 | D:5      | Reached XP level 6. HP: 59/59 MP: 5/5
   399 | D:5      | Killed a water moccasin
   400 | D:5      | Reached skill level 6 in Unarmed Combat
   417 | D:5      | Noticed HaroldButt's ghost (amateur DEFE)
   431 | D:5      | Killed HaroldButt's ghost
   431 | D:5      | Reached XP level 7. HP: 32/66 MP: 6/6
   449 | D:5      | Gained mutation: You have a pair of small antennae on your head. [potion of mutation]
   449 | D:5      | Gained mutation: You are somewhat resistant to further mutation. [potion of mutation]
   493 | D:5      | Reached skill level 7 in Unarmed Combat
   692 | D:5      | Found a shimmering altar of Xom.
   780 | D:6      | Found a shadowy altar of Dithmenos.
  1064 | D:6      | Reached skill level 8 in Unarmed Combat
  1064 | D:6      | Reached XP level 8. HP: 73/74 MP: 7/7
  1111 | D:7      | Reached skill level 5 in Shields
  1160 | D:6      | Found a staircase to the Ecumenical Temple.
  1171 | Temple   | Entered the Ecumenical Temple
  1204 | Temple   | Became a worshipper of Cheibriados the Contemplative
  1397 | D:7      | Reached skill level 9 in Unarmed Combat
  1467 | D:8      | Reached skill level 1 in Invocations
  1476 | D:8      | Reached * piety under Cheibriados
  1609 | D:8      | Reached XP level 9. HP: 80/80 MP: 9/9
  1662 | D:9      | Identified Pexauhif's Guide on the Supportive Voyage
  1703 | D:9      | Found a stormy altar of Qazlal.
  1718 | D:9      | Reached skill level 10 in Unarmed Combat
  1767 | D:9      | Identified a +0 rod of inaccuracy (9/9) (You found it on level 9 of the Dungeon)
  1849 | D:9      | Found a roughly hewn altar of Beogh.
  1875 | D:9      | Noticed Coyotero's ghost (novice DsGl)
  1899 | D:9      | Killed Coyotero's ghost
  1922 | D:9      | Learned a level 6 spell: Statue Form
  2045 | D:9      | Reached ** piety under Cheibriados
  2074 | D:9      | Reached skill level 1 in Transmutations
  2105 | D:9      | Reached skill level 1 in Earth Magic
  2107 | D:9      | Reached skill level 11 in Unarmed Combat
  2223 | D:9      | Reached XP level 10. HP: 70/88 MP: 11/11
  2296 | D:9      | Reached *** piety under Cheibriados
  2371 | D:10     | Entered Level 10 of the Dungeon
  2436 | D:10     | Noticed a gargoyle
  2441 | D:10     | Killed a gargoyle
  2510 | D:11     | Noticed a cyclops
  2532 | D:11     | Killed a cyclops
  2532 | D:11     | Reached skill level 1 in Spellcasting
  2549 | D:11     | Noticed a hill giant
  2558 | D:11     | Killed a hill giant
  2564 | D:11     | Noticed a hill giant
  2572 | D:11     | Killed a hill giant
  2580 | D:11     | Found a staircase to the Lair.
  2618 | D:11     | Reached **** piety under Cheibriados
  2658 | D:11     | Noticed a hill giant
  2687 | D:11     | Killed a hill giant
  2831 | D:11     | Found a labyrinth entrance.
  2852 | Lab      | Entered a labyrinth
  3276 | Lab      | Noticed a minotaur
  3279 | Lab      | Noticed a gargoyle
  3288 | Lab      | Killed a minotaur
  3288 | Lab      | Reached skill level 5 in Earth Magic
  3288 | Lab      | Reached XP level 11. HP: 94/94 MP: 13/13
  3356 | Lab      | Identified the Disquisition on Lightness and Execration
  3357 | Lab      | Got a flickering crystal amulet
  3358 | Lab      | Identified the amulet of Elaod {Harm *Drain Dex+4} (You found it in a labyrinth)
  3369 | Lab      | Learned a level 2 spell: Repel Missiles
  3376 | Lab      | Learned a level 6 spell: Deflect Missiles
  3596 | D:12     | Reached ***** piety under Cheibriados
  3630 | D:12     | Sapher: could run and not swing
  3632 | D:12     | Reached skill level 5 in Transmutations
  3640 | D:12     | Sapher: left right
  3683 | D:12     | 4thArraOfDagon: ah yea
  3868 | D:13     | Noticed a cyan ugly thing
  3881 | D:13     | Killed a cyan ugly thing
  3890 | D:13     | Gained mutation: You are agile. (Dex +2) [mutagenic meat]
  3910 | D:13     | Noticed a centaur warrior
  3950 | D:13     | Noticed an enchanted long sword
  3962 | D:13     | Killed an enchanted long sword
  4010 | D:13     | Found a gate to the Vaults.
  4010 | D:13     | Noticed an enchanted long sword
  4017 | D:13     | Killed an enchanted long sword
  4020 | D:13     | Noticed Rupert
  4020 | D:13     | Paralysed by Rupert for 2 turns
  4088 | D:13     | Noticed a hill giant
  4093 | D:13     | Killed a hill giant
  4127 | D:13     | Found a runed door.
  4129 | D:13     | Noticed a griffon
  4130 | D:13     | Noticed a yaktaur captain
  4131 | D:13     | Noticed a purple very ugly thing
  4138 | D:13     | Noticed an ettin
  4167 | D:13     | Killed a purple very ugly thing
  4178 | D:13     | Killed a centaur warrior
  4178 | D:13     | Reached XP level 12. HP: 59/104 MP: 16/16
  4243 | D:13     | Was placed under penance by Cheibriados
  4249 | D:13     | Killed an ettin
  4251 | D:13     | Was forgiven by Cheibriados
  4255 | D:13     | Killed a yaktaur captain
  4524 | D:14     | Noticed a five-headed hydra
  4566 | D:14     | Noticed Louise
  4654 | D:13     | Identified a scroll of acquirement
  4654 | D:13     | 4thArraOfDagon: what
  4654 | D:13     | 4thArraOfDagon: quick
  4654 | D:13     | 4thArraOfDagon: decision
  4654 | D:13     | 4thArraOfDagon: jewelery
  4655 | D:13     | Got a fine wooden ring
  4703 | D:11     | Sapher: it is fine to pick it
  4862 | D:9      | magipi: hello
  4883 | D:9      | Turgon: Now that Charly takes a break specs will watching here I suppose.
  4896 | D:10     | Sapher: no, i was here earlier!
  5119 | D:11     | 4thArraOfDagon: :D
  5119 | D:11     | 4thArraOfDagon: sapher go play
  5119 | D:11     | 4thArraOfDagon: lets split it even further
  5120 | Lair:1   | Entered Level 1 of the Lair of Beasts
  5123 | Lair:1   | Turgon: The yellow steps! This always tells us that early game has ended and you start mid game
  5173 | Lair:1   | Sapher: i have an overpowered ogre...
  5187 | Lair:1   | Sapher: so easy
  5218 | Lair:1   | Turgon: This GSC of speed
  5261 | Lair:1   | Sapher: +10 giant spiked club of speed
  5261 | Lair:1   | Turgon: &dump Sapher
  5264 | Lair:1   | beem: http://CRAWL.XTAHUA.COM/crawl/morgue/Sapher/Sapher.txt
  5321 | Lair:2   | Turgon: oh!!
  5331 | Lair:2   | Turgon: +11 GDA
  5366 | Lair:3   | Identified the ring of Ymaudyeb {rC++ rN+ Int+3} (You acquired it on level 13 of the Dungeon)
  5367 | Lair:3   | Turgon: So much about weak ogres' defenses
  5371 | Lair:3   | Noticed a death yak
  5372 | Lair:3   | Noticed a death yak
  5375 | Lair:3   | Noticed a death yak
  5377 | Lair:3   | Noticed a death yak
  5378 | Lair:3   | Noticed a death yak
  5380 | Lair:3   | Killed a death yak
  5385 | Lair:3   | Noticed a death yak
  5385 | Lair:3   | Killed a death yak
  5385 | Lair:3   | Reached ****** piety under Cheibriados
  5386 | Lair:3   | Killed a death yak
  5388 | Lair:3   | Killed a death yak
  5391 | Lair:3   | Killed a death yak
  5393 | Lair:3   | Killed a death yak
  5411 | Lair:3   | Noticed a five-headed hydra
  5416 | Lair:3   | Killed an eight-headed hydra
  5416 | Lair:3   | Reached XP level 13. HP: 110/110 MP: 18/18
  5426 | Lair:3   | Turgon: What is your plan? 15 runes although you are streaking?
  5523 | Lair:3   | Sapher: probably no, just will finish it with 3 runes
  5630 | Lair:3   | Sapher: and start a new one))
  5705 | Lair:3   | Found a dark tunnel.
  5716 | Volcano  | Entered a volcano
  5719 | Volcano  | Turgon: "finish it with 3 runes" - either finish or 3 runes ;-)
  5740 | Volcano  | Identified a +2 rod of clouds (12/12) (You found it in a labyrinth)
  5759 | Volcano  | Reached skill level 10 in Earth Magic
  5924 | Lair:4   | Noticed Josephine
  5929 | Lair:4   | Killed Josephine
  5949 | Lair:4   | magipi: statue form already? wow
  6045 | Lair:6   | Entered Level 6 of the Lair of Beasts
  6046 | Lair:6   | 4thArraOfDagon: ya
  6084 | Lair:6   | Turgon: Well, with Chei it's earlier available than with Ash
  6100 | Lair:6   | magipi: wtf, all these humans in Lair?!
  6268 | Lair:6   | Reached skill level 5 in Spellcasting
  6398 | Lair:6   | Reached XP level 14. HP: 118/118 MP: 20/20
  6411 | Lair:6   | Sapher: what was the ring from a scroll by the way?
  6433 | Lair:6   | Got a pitted brass ring
  6439 | Lair:6   | Identified the ring of Ledexar {rCorr +Fly rElec rF- Stlth+} (You found it on level 6 of the Lair of Beasts)
  6444 | Lair:6   | 4thArraOfDagon: rc++
  6444 | Lair:6   | 4thArraOfDagon: rn+
  6444 | Lair:6   | Sapher: yea, thx
  6540 | Lair:6   | Reached skill level 10 in Shields
  6600 | Lair:6   | 4thArraOfDagon: lets strive
  6600 | Lair:6   | 4thArraOfDagon: SSSTRIVE
  6778 | Lair:3   | Turgon: Btw, best troll is 26.5 k
  6787 | Lair:3   | Turgon: Only some days ago
  6811 | Lair:4   | Turgon: Won by whom?
  6821 | Lair:4   | Turgon: http://crawl.xtahua.com/crawl/morgue/4thArraOfDagon/morgue-4thArraOfDagon-20160804-064425.txt
  6998 | Lair:2   | Learned a level 9 spell: Shatter
  7062 | Lair:2   | Found a staircase to the Swamp.
  7080 | Swamp:1  | Entered Level 1 of the Swamp
  7108 | Swamp:1  | Noticed a thorn hunter
  7117 | Swamp:1  | Killed a thorn hunter
  7390 | Swamp:4  | Entered Level 4 of the Swamp
  7391 | Swamp:4  | Reached skill level 5 in Invocations
  7393 | Swamp:4  | Reached skill level 12 in Unarmed Combat
  7396 | Swamp:4  | Noticed 4thArraOfDagon's ghost (adept TrFi)
  7407 | Swamp:4  | Turgon: Lernaean ending?
  7427 | Swamp:4  | Noticed Aizul
  7438 | Swamp:4  | Reached XP level 15. HP: 34/130 MP: 11/21
  7439 | Swamp:4  | 4thArraOfDagon: keep calm
  7443 | Swamp:4  | Noticed the 27-headed Lernaean hydra
  7444 | Swamp:4  | 4thArraOfDagon: hmmmmm
  7444 | Swamp:4  | Turgon: yes, there it is
  7446 | Swamp:4  | Torious: do u use step from time?
  7446 | Swamp:4  | 4thArraOfDagon: not enough
  7446 | Swamp:4  | Turgon: low invo
  7447 | Swamp:4  | Torious: mm
  7478 | Swamp:4  | Turgon: no regen spell hurts
  7536 | Swamp:4  | Got a decaying rune of Zot
  7582 | Swamp:4  | 4thArraOfDagon: what
  7582 | Swamp:4  | 4thArraOfDagon: is dat
  7582 | Swamp:4  | 4thArraOfDagon: quick
  7593 | Swamp:4  | Killed 4thArraOfDagon's ghost
  7597 | Swamp:4  | Killed Aizul
  7609 | Swamp:4  | Turgon: This was your ghost which nearly killed you
  7625 | Swamp:4  | 4thArraOfDagon: that was 27uc troll
  7643 | Swamp:4  | Reached skill level 13 in Unarmed Combat
  7656 | Swamp:3  | Noticed Kirke
  7765 | Swamp:3  | Turgon: oh, wand telep
  7811 | Swamp:2  | Reached skill level 5 in Fighting
  7890 | Lair:2   | Reached skill level 5 in Dodging
  7907 | Lair:2   | 4thArraOfDagon: now we need
  7907 | Lair:2   | 4thArraOfDagon: hydrphobic gardens
  7907 | Lair:2   | 4thArraOfDagon: aka HYDRA POND
  7921 | Lair:2   | Turgon: ?
  7967 | Lair:2   | Turgon: what do you mean?
  7967 | Lair:2   | 4thArraOfDagon: i mean
  7967 | Lair:2   | 4thArraOfDagon: kraken den
  8052 | Lair:3   | Turgon: krakens? what for?
  8067 | Lair:3   | Turgon: you won't get shoals
  8522 | Lair:2   | Found a hole to the Spider Nest.
  8539 | Spider:1 | Entered Level 1 of the Spider Nest
  8540 | Spider:1 | 4thArraOfDagon: dafq
  8571 | Spider:1 | Torious: mean
  8700 | Spider:2 | 4thArraOfDagon: cannot defend that 26.5k LD
  8703 | Spider:2 | 4thArraOfDagon: xd
  8742 | Spider:2 | Turgon: You think you will beat it with this game?
  8777 | Spider:3 | 4thArraOfDagon: naa
  8796 | Spider:3 | 4thArraOfDagon: playing for sub 3h
  8874 | Spider:4 | Entered Level 4 of the Spider Nest
  8989 | Spider:4 | 4thArraOfDagon: i eat too much
  9106 | Spider:4 | Killed a ghost moth
  9106 | Spider:4 | Reached skill level 14 in Unarmed Combat
  9165 | Spider:4 | Reached XP level 16. HP: 132/144 MP: 12/22
  9251 | Spider:4 | Got a gossamer rune of Zot
  9507 | Lair:2   | 4thArraOfDagon: nn gold
  9507 | Lair:2   | 4thArraOfDagon: bad habits
  9801 | Lair:5   | Reached skill level 15 in Unarmed Combat
  9922 | Lair:5   | jacquesderrida: Eeee
  9964 | Lair:5   | 4thArraOfDagon: EEEEEK
 10000 | Lair:5   | 4thArraOfDagon: welcome to dagen
 10042 | Lair:5   | Found a staircase to the Slime Pits.
 10057 | Slime:1  | Entered Level 1 of the Pits of Slime
 10066 | Slime:2  | Noticed an acid blob
 10069 | Slime:2  | Noticed an acid blob
 10072 | Slime:1  | Killed an acid blob
 10079 | Slime:1  | Noticed an acid blob
 10084 | Slime:1  | Killed an acid blob
 10108 | Slime:1  | jacquesderrida: Thang
 10135 | Slime:2  | jacquesderrida: Spasiba!
 10139 | Slime:2  | Killed an acid blob
 10170 | Slime:4  | Found a viscous altar of Jiyva.
 10170 | Slime:4  | Noticed Dissolution
 10171 | Slime:4  | 4thArraOfDagon: eeek
 10175 | Slime:4  | Killed Dissolution
 10238 | Slime:4  | 4thArraOfDagon: quick
 10238 | Slime:4  | 4thArraOfDagon: decision
 10239 | Slime:5  | Entered Level 5 of the Pits of Slime
 10239 | Slime:5  | Noticed Gruud's ghost (veteran DsAs)
 10241 | Slime:5  | Turgon: Diss is probably rarest unique in the game
 10245 | Slime:5  | Noticed an acid blob
 10255 | Slime:4  | Killed an acid blob
 10255 | Slime:4  | Reached XP level 17. HP: 94/158 MP: 16/23
 10313 | Slime:5  | Noticed an acid blob
 10320 | Slime:5  | Killed an acid blob
 10325 | Slime:5  | Killed Gruud's ghost
 10355 | Slime:5  | Leszczynek: i think i have less luck meeting tiamat
 10355 | Slime:5  | 4thArraOfDagon: q
 10373 | Slime:5  | Noticed an acid blob
 10387 | Slime:5  | alerts
 10390 | Slime:5  | Turgon: Well, tiamat is very rare as well, right
 10395 | Slime:5  | Leszczynek: i'd say murphy too, but i don't do the places where he appears often
 10488 | Slime:5  | 4thArraOfDagon: alerts
 10504 | Slime:5  | Killed an acid blob
 10505 | Slime:5  | jacquesderrida: Ignacio is rarer
 10507 | Slime:5  | Noticed the Royal Jelly
 10509 | Slime:5  | Noticed an acid blob
 10509 | Slime:5  | Noticed an acid blob
 10510 | Slime:5  | Noticed an acid blob
 10510 | Slime:5  | Killed the Royal Jelly
 10510 | Slime:5  | Reached skill level 16 in Unarmed Combat
 10511 | Slime:5  | Noticed an acid blob
 10511 | Slime:5  | Noticed an acid blob
 10511 | Slime:5  | Noticed an acid blob
 10513 | Slime:5  | Killed an acid blob
 10514 | Slime:5  | jacquesderrida: The rares Ignacio
 10514 | Slime:5  | Killed an acid blob
 10515 | Slime:5  | Killed an acid blob
 10517 | Slime:5  | Noticed an acid blob
 10517 | Slime:5  | jacquesderrida: rarest
 10517 | Slime:5  | Killed an acid blob
 10519 | Slime:5  | Killed an acid blob
 10527 | Slime:5  | Killed an acid blob
 10528 | Slime:5  | jacquesderrida: AYYY RESISTANCE
 10540 | Slime:5  | Killed an acid blob
 10557 | Slime:5  | Turgon: Shield of resistance
 10558 | Slime:5  | 4thArraOfDagon: pays opff
 10590 | Slime:5  | jacquesderrida: Ooooo
 10600 | Slime:5  | jacquesderrida: Itens
 10601 | Slime:5  | Got a warped amethyst amulet
 10603 | Slime:5  | 4thArraOfDagon: but what
 10610 | Slime:5  | Noticed an acid blob
 10611 | Slime:5  | Identified the amulet of Vehumet's Generosity {Gourm rElec Str+3 Dex-3} (You found it on level 5 of the Pits of Slime)
 10644 | Slime:5  | Got a pitted brass ring
 10649 | Slime:5  | Got a slimy rune of Zot
 10650 | Slime:5  | jacquesderrida: BUTS
 10680 | Slime:5  | Learned a level 3 spell: Regeneration
 10688 | Slime:5  | Turgon: staff Earth, interesting
 10690 | Slime:5  | Got a brightly glowing iron ring
 10717 | Slime:5  | Identified the ring "Cioxoucs" {rC+ Stlth+} (You found it on level 5 of the Pits of Slime)
 10719 | Slime:5  | Identified the ring of Conversion {Str+2 Stlth+} (You found it on level 5 of the Pits of Slime)
 10947 | Vaults:1 | Entered Level 1 of the Vaults
 10957 | Vaults:1 | Reached skill level 1 in Necromancy
 11088 | Vaults:2 | Noticed Jorgrun
 11090 | Vaults:2 | Killed Jorgrun
 11090 | Vaults:2 | Reached skill level 1 in Charms
 11119 | Vaults:2 | Reached XP level 18. HP: 170/170 MP: 24/24
 11202 | Vaults:4 | Reached skill level 10 in Invocations
 11433 | Vaults:4 | Reached XP level 19. HP: 176/176 MP: 19/25
 11582 | Vaults:5 | Entered Level 5 of the Vaults
 11595 | Vaults:4 | Reached skill level 17 in Unarmed Combat
 11651 | Vaults:5 | Noticed Frederick
 11656 | Vaults:5 | Noticed a lich
 11685 | Vaults:5 | Noticed Xtahua
 11686 | Vaults:5 | Sapher: hehe
 11687 | Vaults:5 | Torious: step from time?
 11687 | Vaults:5 | Paralysed by a sphinx for 2 turns
 11689 | Vaults:5 | Torious: :P
 11702 | Vaults:5 | 4thArraOfDagon: hi :D
 11760 | Vaults:5 | Killed Frederick
 11785 | Vaults:5 | Killed a lich
 11806 | Vaults:5 | 4thArraOfDagon: so much fun
 11881 | Vaults:5 | Killed Xtahua
 11887 | Vaults:5 | Reached skill level 10 in Fighting
 11894 | Vaults:5 | Reached skill level 18 in Unarmed Combat
 11959 | Vaults:5 | Reached skill level 10 in Dodging
 11987 | Vaults:5 | Reached XP level 20. HP: 191/191 MP: 21/27
 12153 | Vaults:5 | Noticed a golden dragon
 12154 | Vaults:5 | Noticed a golden dragon
 12184 | Vaults:5 | Killed a golden dragon
 12188 | Vaults:5 | Killed a golden dragon
 12193 | Vaults:5 | Noticed a golden dragon
 12200 | Vaults:5 | Killed a golden dragon
 12213 | Vaults:5 | Noticed an ancient lich
 12222 | Vaults:5 | Killed an ancient lich
 12222 | Vaults:5 | Reached skill level 19 in Unarmed Combat
 12428 | Vaults:5 | Identified Sif Muna's Grimoire of the Igneous Traveller
 12432 | Vaults:5 | Learned a level 2 spell: Blink
 12479 | Vaults:5 | Got a silver rune of Zot
 12596 | Vaults:5 | Identified the Tome of Earthen Talismans
 12723 | Vaults:3 | Reached XP level 21. HP: 202/202 MP: 29/29
 12750 | Vaults:3 | Found a staircase to the Crypt.
 12755 | Crypt:1  | Entered Level 1 of the Crypt
 12756 | Crypt:1  | 4thArraOfDagon: here xd
 12935 | Crypt:2  | Got a shadowed robe
 12960 | Crypt:2  | Identified the +0 robe of Paaf {Int+3} (You found it on level 2 of the Crypt)
 12963 | Crypt:3  | Entered Level 3 of the Crypt
 13013 | Crypt:3  | Found a basalt altar of Yredelemnul.
 13157 | Crypt:3  | Identified the Almanac of the Countless Ghosts
 13174 | Crypt:3  | Noticed a profane servitor
 13178 | Crypt:3  | Killed a profane servitor
 13272 | Crypt:3  | Reached skill level 20 in Unarmed Combat
 13309 | Crypt:3  | 4thArraOfDagon: which side
 13309 | Crypt:3  | 4thArraOfDagon: quick
 13311 | Crypt:3  | 4thArraOfDagon: l/r
 13325 | Crypt:3  | Wingboner: l
 13378 | Crypt:3  | Found a staircase to the Tomb.
 13418 | Tomb:1   | Entered Level 1 of the Tomb of the Ancients
 13577 | Tomb:1   | Noticed a greater mummy
 13585 | Tomb:1   | Killed a greater mummy
 13593 | Tomb:1   | Noticed a greater mummy
 13606 | Tomb:1   | 4thArraOfDagon: stay posirive
 13714 | Tomb:1   | Noticed a greater mummy
 13716 | Tomb:1   | Killed a greater mummy
 13788 | Tomb:1   | Killed a greater mummy
 13801 | Tomb:1   | Noticed a greater mummy
 13808 | Tomb:1   | Killed a greater mummy
 13859 | Tomb:1   | 4thArraOfDagon: lets do ti
 13871 | Tomb:2   | Reached XP level 22. HP: 214/214 MP: 26/31
 13872 | Tomb:2   | Noticed a greater mummy
 13873 | Tomb:2   | Noticed a greater mummy
 13963 | Tomb:3   | Entered Level 3 of the Tomb of the Ancients
 14034 | Tomb:3   | Noticed an ancient lich
 14038 | Tomb:2   | Killed an ancient lich
 14043 | Tomb:3   | Noticed a greater mummy
 14091 | Tomb:2   | Killed a greater mummy
 14149 | Tomb:3   | Noticed a greater mummy
 14164 | Tomb:2   | 4thArraOfDagon: bad move
 14164 | Tomb:2   | 4thArraOfDagon: didnt escalate
 14166 | Tomb:2   | 4thArraOfDagon: for some reason
 14205 | Tomb:2   | Reached skill level 21 in Unarmed Combat
 14240 | Tomb:2   | Killed a greater mummy
 14300 | Tomb:3   | Wingboner: Well, you're a big fat statuetroll^Chei. Not much can really hurt you by this stage.
 14310 | Tomb:3   | Noticed Khufu
 14312 | Tomb:3   | Noticed a greater mummy
 14312 | Tomb:3   | Killed Khufu
 14317 | Tomb:3   | Killed a greater mummy
 14348 | Tomb:3   | Identified the ring of Noot {rCorr rPois rC+ Int+2} (You found it on level 3 of the Tomb of the Ancients)
 14390 | Tomb:3   | Noticed a greater mummy
 14397 | Tomb:3   | Killed a greater mummy
 14418 | Tomb:3   | Noticed a greater mummy
 14478 | Tomb:3   | Identified Posenuch's Compendium of Unstable Snow
 14485 | Tomb:3   | Got a wavering brass amulet
 14491 | Tomb:3   | Got a flickering lapis lazuli ring
 14493 | Tomb:3   | Identified the ring of Balousiy {*Contam rC+ rN+ MR+} (You found it on level 3 of the Tomb of the Ancients)
 14495 | Tomb:3   | Noticed a greater mummy
 14495 | Tomb:3   | Got a scorched iron ring
 14530 | Tomb:3   | Killed a greater mummy
 14530 | Tomb:3   | Reached skill level 1 in Translocations
 14544 | Tomb:3   | Identified Tycalunn's Guide on Lethal Clay
 14553 | Tomb:3   | Identified the amulet "Wufazeb" {Inacc Dex+3} (You found it on level 3 of the Tomb of the Ancients)
 14556 | Tomb:3   | Identified the ring "Gooqer" {*Drain +Fly Dex+3 SInv} (You found it on level 3 of the Tomb of the Ancients)
 14584 | Tomb:3   | Noticed a greater mummy
 14589 | Tomb:3   | Killed a greater mummy
 14629 | Tomb:3   | Noticed a greater mummy
 14636 | Tomb:3   | Killed a greater mummy
 14700 | Tomb:3   | Got a golden rune of Zot
 14934 | Crypt:3  | 4thArraOfDagon: meh
 15118 | Vaults:3 | Reached XP level 23. HP: 226/226 MP: 29/32
 15275 | D:13     | 4thArraOfDagon: bb;
 15275 | D:13     | 4thArraOfDagon: bbl
 15275 | D:13     | Upgraded the game from 0.19-a0-1210-g5c1aa26 to 0.19-a0-1216-g363869b
 15275 | D:13     | what update
 15275 | D:13     | ????
 15323 | D:13     | Learned a level 8 spell: Controlled Blink
 15436 | D:14     | Killed Louise
 15612 | D:15     | Entered Level 15 of the Dungeon
 15613 | D:15     | Found a frozen archway.
 15626 | IceCv    | Entered an ice cave
 15704 | D:15     | Reached skill level 5 in Translocations
 15739 | D:15     | Found a staircase to the Depths.
 15752 | Depths:1 | Entered Level 1 of the Depths
 15782 | Depths:1 | Found a gateway to Hell.
 15791 | Hell     | Entered the Vestibule of Hell
 15791 | Hell     | Noticed Geryon
 15802 | Hell     | Noticed Murray
 15802 | Hell     | Killed Geryon
 15809 | Hell     | Killed Murray
 15848 | Hell     | Found a gateway to the Iron City of Dis.
 15860 | Dis:1    | Entered Level 1 of the Iron City of Dis
 15860 | Dis:1    | Found a gateway to Hell.
 15908 | Dis:1    | You fall through a shaft!
 15911 | Dis:2    | Found a gateway to Hell.
 15934 | Dis:3    | Found a gateway to Hell.
 15970 | Dis:3    | Found a gateway to Hell.
 16006 | Dis:4    | Found a gateway to Hell.
 16101 | Dis:5    | Found a gateway to Hell.
 16109 | Dis:5    | Found a gateway to Hell.
 16233 | Dis:5    | Found a gateway to Hell.
 16240 | Dis:6    | Found a gateway to Hell.
 16240 | Dis:6    | Found a gateway to Hell.
 16290 | Dis:6    | Found a gateway to Hell.
 16293 | Dis:7    | Entered Level 7 of the Iron City of Dis
 16293 | Dis:7    | Found a gateway to Hell.
 16293 | Dis:7    | Found a gateway to Hell.
 16293 | Dis:7    | Found a gateway to Hell.
 16484 | Dis:7    | Reached XP level 24. HP: 134/236 MP: 0/33
 16604 | Dis:7    | Reached skill level 10 in Translocations
 16681 | Dis:7    | Noticed Dispater
 16689 | Dis:7    | Killed Dispater
 16766 | Dis:7    | Got an iron rune of Zot
 16821 | Dis:7    | HP: 9/306 [reaper/scythe of slicing (49)]
 16821 | Dis:7    | Slain by a reaper

Vault maps used:
D:1:      scummos_arrival_star, minivault_25, minmay_quantized
D:2:      first_bread, uniq_terence, uniq_jessica, uniq_natasha
D:3:      makhleb_altar_promises_db, gammafunk_temple_overflow_statue
D:4:      black_bear_nest_2, serial_shops, shop, nicolae_shop_window_shopping,
          kennysheep_mini, nicolae_shop_trees, shop, minivault_14, uniq_grinder
D:5:      grunt_temple_overflow_magic_moments, nicolae_dithmenos_the_darkroom,
          kennysheep_mini_moat
D:6:      basic_altar, minmay_a_box_with_orc_wizards_in_it, uniq_duvessa
D:7:      abandoned_shop
D:8:      marbit_many_paths, corner_web_ring
D:9:      old_standard_altar, special_room, hangedman_little_slice_of_home,
          dk_vineyard_2
D:10:     david_orc_4, serial_shops, shop, tso_altar
D:11:     david_lair_shrubbed, lab_entry_generic, bh_walls_and_bars
D:13:     erik_vaults_1, minmay_hidden_floor, uniq_rupert
D:14:     minmay_expanding_squares, hangedman_decor_lopped, uniq_louise
D:15:     grunt_enter_depths_magical_seal, serial_glass, glass_columns_c,
          glass_columns_a, minmay_misc_feat_square, portal_ice_cave_rime,
          feat_on_display, uniq_azrael
Temple:   minmay_temple_curvy_loop
Lair:1:   uniq_joseph
Lair:2:   nicolae_swamp_entry_splash_gauntlet, spider_nest_entry_funnel_web
Lair:3:   enter_volcano_1
Lair:4:   grunt_megastairs_2, uniq_josephine
Lair:5:   slaughterhouse, minmay_slime_entry_oklob_enclosed
Lair:6:   grunt_lair_end_beastmaster, st_stairs_4, small_statue_intersection,
          worms_lemuel, serial_bayou_shore_b
Swamp:1:  evilmike_swamp_ruin_house_1
Swamp:2:  evilmike_swamp_ruin_house_4, infiniplex_staircase_pool
Swamp:3:  hangedman_swamp_ruin_wall, uniq_kirke
Swamp:4:  grunt_swamp_rune_castle, uniq_aizul
Spider:3: spider_trap, uniq_arachne
Spider:4: spider_rune_water
Slime:4:  basic_altar, dissolution_awaits
Vaults:1: ontoclasm_vaults_spin, nicolae_vaults_stairing_the_circle,
          nicolae_vaults_inception_scallops, v_pattern_3, hangedman_vaults_maws,
          hangedman_vaults_variations, v_alt_pattern_5, vaults_mumra_chevron,
          v_misc_19, nicolae_vaults_big_angled_halls
Vaults:2: v_misc_19, ontoclasm_vaults_ligature, nicolae_vaults_branching_niches,
          v_pattern_5, v_misc_15, vaults_room_fancy_cross,
          nicolae_vaults_windows_and_doors_thing,
          nicolae_vaults_little_squares_5, nicolae_vaults_gold_heap,
          uniq_jorgrun, uniq_bai_suzhen
Vaults:3: ontoclasm_vaults_water_temple, minmay_crypt_entry_simple_statues,
          vaults_room_grunt_arrival_ludios, ontoclasm_vaults_fault, v_misc_14,
          v_alt_pattern_1, v_rooms_3, vaults_dpeg_spiral,
          vaults_standard_mumra_enter_the_diamond, v_misc_26,
          nicolae_vaults_mini_display_case, uniq_margery
Vaults:4: ontoclasm_vaults_shout, v_rooms_2, vaults_standard_mumra_x, v_rooms_4,
          vaults_standard_mumra_lines, nicolae_vaults_border_crossing,
          vaults_dpeg_ring, vaults_room_corners
Vaults:5: serial_shops, uniq_frederick, uniq_xtahua
Crypt:1:  minivault_24
Crypt:2:  uniq_mara
Crypt:3:  evilmike_haunted_forest
Tomb:3:   uniq_khufu
Depths:1: abyss_entry, hell_entry, pan_entry, roderic_digamma_sauvastika,
          minmay_liquid_box, minmay_misc_feat_doors, evilmike_butchery,
          roderic_lattice_octagonal_star, uniq_sojobo
Dis:3:    hangedman_dis_decor_blocks_talon
Dis:5:    grunt_megastairs_3
Dis:7:    dis_hangedman
Lab:      nicolae_lab_diamond, labyrinth_skeletal_remains, nicolae_lab_dead_end,
          labyrinth_lava_lair
IceCv:    ice_cave_caverns_03
Volcano:  volcano_aerie

Skill      XL: |  1  2  3  4  5  6  7  8  9 10 11 12 13 14 15 16 17 18 19 20 21 22 23 24 |
---------------+-------------------------------------------------------------------------+-----
Unarmed Combat | 3 4 5 6 8 9 11 12 14 15 16 18 19 20 21 | 21.3
Shields        | 3 4 5 6 7 8 9 10 | 10.2
Invocations    | 1 3 4 5 7 9 10 11 12 13 14 | 14.2
Transmutations | 1 4 6 8 9 |  9.7
Earth Magic    | 1 5 7 9 10 11 | 11.2
Spellcasting   | 2 3 4 5 7 8 |  8.8
Fighting       | 4 6 7 8 10 11 12 13 | 13.0
Dodging        | 4 6 7 8 10 11 12 13 | 13.0
Necromancy     | 3 4 |  4.6
Charms         | 2 3 |  3.4
Translocations | 3 9 11 | 11.5

Action                   |  1- 3 |  4- 6 |  7- 9 | 10-12 | 13-15 | 16-18 | 19-21 | 22-24 || total
-------------------------+-------+-------+-------+-------+-------+-------+-------+-------++-------
Melee: Unarmed           |    32 |    61 |   349 |   418 |   603 |   365 |   566 |   761 ||  3155
 Fire: Blowgun           |       |       |       |     4 |       |       |       |       ||     4
Throw: Large rock        |       |       |       |     8 |     8 |     8 |       |     1 ||    25
 Cast: Statue Form       |       |       |       |     1 |    47 |    26 |    43 |    45 ||   162
       Repel Missiles    |       |       |       |       |     1 |     1 |     5 |     6 ||    13
       Regeneration      |       |       |       |       |       |       |    17 |    54 ||    71
Invok: Bend Time         |       |       |     5 |       |       |       |       |       ||     5
       Slouch            |       |       |       |     1 |    11 |     2 |     7 |    11 ||    32
       Temporal Distorti |       |       |       |       |     2 |       |     2 |    12 ||    16
 Abil: End Transformatio |       |       |       |       |     2 |     5 |     2 |       ||     9
Evoke: Wand              |       |       |       |     7 |     3 |     6 |     8 |     6 ||    30
       Rod               |       |       |       |     1 |     1 |       |     1 |       ||     3
       Phantom mirror    |       |       |       |       |       |     2 |       |       ||     2
       Box of beasts     |       |       |       |       |       |     1 |       |       ||     1
  Use: Potion            |       |     1 |     3 |     4 |     4 |     4 |     5 |     8 ||    29
       Scroll            |       |       |     7 |    18 |    10 |     7 |    11 |    10 ||    63
 Stab: Distracted        |       |     1 |     1 |     1 |     1 |       |     1 |       ||     5
       Sleeping          |       |       |       |    11 |     5 |     1 |     5 |     3 ||    25
       Confused          |       |       |       |     1 |     1 |       |       |       ||     2
  Eat: Chunk             |       |     9 |    25 |    23 |    51 |    20 |    26 |    32 ||   186
       Royal jelly       |       |       |       |     1 |     2 |     4 |     5 |       ||    12
       Beef jerky        |       |       |       |     1 |       |     2 |     2 |     1 ||     6
       Pizza             |       |       |       |       |       |     1 |       |       ||     1
       Fruit             |       |       |       |       |       |       |     1 |       ||     1
       Bread ration      |       |       |       |       |       |       |       |     3 ||     3
       Meat ration       |       |       |       |       |       |       |       |     1 ||     1
Armor: Robe              |     9 |    15 |    69 |    19 |    14 |     5 |     3 |    11 ||   145
       Troll hide        |       |       |       |    48 |    13 |       |       |       ||    61
       Skin              |       |       |       |    19 |   404 |   157 |   236 |   368 ||  1184
Dodge: Dodged            |    12 |     8 |    77 |   109 |   448 |   217 |   367 |   798 ||  2036
       Deflected         |       |       |       |       |     2 |     8 |     7 |    13 ||    30
Block: Shield            |    19 |    21 |   121 |   251 |   696 |   301 |   596 |   970 ||  2975
